Map: Frozen Temple

Players

clockwork

  • Race: Protoss Protoss
  • League: Gold
  • Spawn Location: 5:00

Fropez - Winner!

  • Race: Protoss Protoss
  • League: Gold
  • Spawn Location: 11:00

VOD

Have the link to the VOD?

Description

Time

  • Played on: Oct. 4, 2016, 6:57 p.m.
  • Length: 14:58
Show
View Real Time Build Order
Export as new Build Order

clockwork Protoss 

Build Orders:  

Get SALT Encoding   

  12  0:01  Probe (Chrono Boost)  
  13  0:11  Probe (Chrono Boost)  
  14  0:23  Pylon  
  14  0:27  Probe (Chrono Boost)  
  15  0:41  Probe (Chrono Boost)  
  16  0:43  Gateway  
  16  0:46  Assimilator  
  16  0:52  Probe (Chrono Boost)  
  17  1:07  Probe (Chrono Boost)  
  18  1:21  Assimilator  
  18  1:25  Gateway  
  18  1:32  Cybernetics Core  
  18  1:36  Probe (Chrono Boost)  
  18  1:37  Pylon  
  19  1:47  Probe (Chrono Boost)  
  20  1:59  Pylon, Probe (Chrono Boost)  
  21  2:08  Warp Gate (Chrono Boost)  
  21  2:10  Probe  
  22  2:27  Adept x2  
  26  2:45  Probe  
  26  2:46  Twilight Council  
  27  2:56  Pylon  
  26  3:01  Mothership Core  
  26  3:04  Adept  
  30  3:09  Adept  
  32  3:23  Resonating Glaives (Chrono Boost)  
  32  3:51  Gateway  
  32  4:07  Nexus  
  31  4:22  Adept x2  
  27  5:06  Probe  
  28  5:14  Adept x3  
  28  5:15  Dark Shrine  
  28  5:18  Probe  
  35  5:29  Gateway  
  35  5:30  Gateway  
  35  5:31  Pylon  
  34  5:47  Adept  
  34  5:48  Adept x2  
  34  6:05  Probe  
  35  6:19  Probe  
  35  6:20  Probe  
  37  6:38  Dark Templar  
  39  7:00  Forge, Dark Templar  
  35  7:37  Dark Templar x2  
  35  7:40  Photon Cannon  
  35  7:43  Photon Cannon  
  34  7:59  Photon Cannon  
  34  8:08  Photon Cannon  
  34  8:15  Adept  
  35  8:43  Robotics Facility  
  35  8:58  Probe  
  36  9:16  Dark Templar x2  
  29  9:47  Warp Prism (Chrono Boost)  
  31  10:18  Dark Templar  
  31  10:19  Observer (Chrono Boost), Dark Templar x3  
  40  10:35  Stalker  
  32  10:59  Adept x2  
  32  11:28  Adept x3  
  30  12:23  Nexus  
  30  12:33  Adept x3  
  30  13:32  Adept x3  
  30  13:33  Adept  
  36  13:45  Assimilator  
  36  13:46  Assimilator  
  27  14:11  Dark Templar  
  19  14:25  Probe  
  20  14:35  Probe  
Show
View Real Time Build Order
Export as new Build Order

Fropez Protoss - Winner!

Build Orders:  

Get SALT Encoding   

  12  0:01  Probe (Chrono Boost)  
  13  0:12  Probe (Chrono Boost)  
  14  0:18  Pylon  
  14  0:22  Probe (Chrono Boost)  
  15  0:36  Probe (Chrono Boost)  
  15  0:38  Gateway  
  16  0:45  Assimilator  
  16  0:46  Probe (Chrono Boost)  
  18  0:57  Probe (Chrono Boost)  
  18  0:58  Pylon  
  18  1:07  Probe (Chrono Boost)  
  19  1:20  Probe (Chrono Boost)  
  20  1:27  Cybernetics Core  
  20  1:30  Probe (Chrono Boost)  
  20  1:31  Assimilator  
  21  1:41  Probe (Chrono Boost)  
  22  1:51  Probe (Chrono Boost)  
  23  2:08  Nexus  
  23  2:10  Probe (Chrono Boost)  
  24  2:16  Pylon  
  24  2:20  Probe (Chrono Boost), Warp Gate (Chrono Boost)  
  25  2:29  Adept  
  28  2:44  Mothership Core  
  28  2:59  Pylon  
  28  3:05  Adept  
  28  3:10  Pylon  
  30  3:13  Probe  
  30  3:14  Pylon  
  31  3:25  Probe  
  32  3:27  Gateway  
  32  3:30  Gateway  
  32  3:34  Probe  
  32  3:38  Probe  
  32  3:44  Probe  
  33  3:52  Probe  
  34  3:59  Assimilator  
  34  4:03  Probe  
  34  4:06  Twilight Council, Assimilator  
  34  4:08  Probe  
  31  4:30  Adept x3  
  35  5:00  Adept x3  
  35  5:04  Probe  
  35  5:05  Probe  
  43  5:14  Resonating Glaives (Chrono Boost), Probe  
  44  5:21  Dark Shrine  
  44  5:25  Probe  
  44  5:26  Robotics Facility  
  43  5:59  Adept x2, Probe  
  43  6:00  Adept, Probe  
  45  6:11  Probe  
  41  6:13  Pylon, Probe  
  41  6:15  Warp Prism  
  45  6:19  Pylon  
  45  6:23  Probe  
  46  6:27  Gateway  
  46  6:30  Gateway  
  46  6:38  Probe  
  46  6:39  Probe  
  48  6:57  Dark Templar x2  
  48  6:58  Gateway  
  37  7:23  Observer (Chrono Boost)  
  37  7:25  Pylon  
  37  7:27  Pylon  
  38  7:30  Pylon  
  38  7:37  Stalker x3  
  44  7:49  Dark Templar  
  46  7:55  Probe  
  46  7:57  Probe  
  48  8:07  Probe x2  
  48  8:12  Dark Templar x2  
  54  8:19  Probe  
  53  8:32  Dark Templar  
  53  8:37  Nexus  
  53  8:38  Pylon  
  52  9:28  Observer (Chrono Boost)  
  52  9:29  Stalker x4  
  52  9:30  Stalker  
  64  9:53  Immortal (Chrono Boost)  
  64  9:59  Pylon  
  64  10:01  Pylon  
  64  10:05  Nexus  
  64  10:29  Adept x5  
  74  10:41  Observer (Chrono Boost)  
  73  10:49  Pylon  
  69  10:57  Stalker x3  
  75  11:05  Probe  
  71  11:29  Stalker x2  
  71  11:30  Stalker x2  
  79  11:33  Forge  
  73  11:59  Assimilator  
  69  12:01  Assimilator  
  69  12:09  Stalker x3  
  69  12:10  Stalker  
  77  12:22  Probe  
  77  12:23  Probe  
  79  12:32  Observer (Chrono Boost)  
  80  12:48  Probe  
  80  12:49  Probe  
  82  12:58  Photon Cannon  
  82  13:01  Stalker  
  82  13:02  Probe, Zealot  
  84  13:13  Probe x2  
  84  13:15  Probe  
  82  13:31  Stalker  
  80  13:45  Zealot x2  
  72  14:04  Probe  
  72  14:05  Probe  
  72  14:09  Probe  
  75  14:23  Probe  
  75  14:24  Probe  
  75  14:32  Probe  
  76  14:55  Zealot  
Tags
 
League
GoldGold
Matchup
PvP
Replay Pack
All Mines
Spawn Locations
Cross Positions
Add a new tag
Caveats
  • Supply blocks, unpowered buildings, or Contaminate may cause inaccurate times.
  • Supply counts are checked every 10 seconds.